 Dungeon Crawl Stone Soup version 0.27-a0-1193-g8631133539 (webtiles) character file.

Game seed: 13166872629924225751

184 Delamore the Cudgeller (level 5, 0/34 HPs)
             Began as a Gargoyle Monk on May 26, 2021.
             Slain by Grinder (2 damage)
             ... while paralysed by Grinder
             ... on level 3 of the Dungeon.
             The game lasted 00:02:15 (3158 turns).

Delamore the Cudgeller (Gargoyle Monk)              Turns: 3158, Time: 00:02:16

Health: 0/34       AC:  7    Str: 15    XL:     5   Next: 64%
Magic:  5/5        EV:  2    Int: 11    God:
Gold:   54         SH:  0    Dex: 12    Spells: 4/4 levels left

rFire    . . .     SeeInvis .   a - +1 mace
rCold    . . .     Faith    .   (no shield)
rNeg     + . .     Spirit   .   b - +0 robe
rPois    ∞         Reflect  .   l - +0 helmet
rElec    +         Harm     .   (no cloak)
rCorr    .         Rampage  .   (no gloves)
Will     .....                  (no boots)
Stlth    ++........             c - amulet of the acrobat
HPRegen  0.11/turn              i - +4 ring of evasion
MPRegen  0.09/turn              (no ring)

@: paralysed
A: sickness immunity, AC +4, negative energy resistance 1, electricity
resistance, torment resistance 1, petrification resistance
a: no special abilities


You were on level 3 of the Dungeon.
You visited 1 branch of the dungeon, and saw 3 of its levels.

You collected 54 gold pieces.

Inventory:

Hand Weapons
 a - a +1 mace (weapon)
Armour
 b - a +0 robe (worn)
 l - a +0 helmet (worn)
Jewellery
 c - an amulet of the acrobat (around neck)
 i - a +4 ring of evasion (left hand)
 n - a ring of poison resistance
Scrolls
 f - a scroll of enchant weapon
Potions
 d - a potion of magic {unknown}
 e - 3 potions of curing {unknown}
 j - 2 potions of heal wounds {unknown}
 k - a potion of berserk rage {unknown}
 m - a potion of flight {unknown}
 o - a potion of brilliance {unknown}
 p - a potion of mutation {unknown}


   Skills:
 + Level 4.6 Fighting
 * Level 5.3 Maces & Flails
 - Level 2.4 Dodging
 - Level 2.1 Stealth


You had 4 spell levels left.
You didn't know any spells.
Your spell library contained the following spells:

 Spells                   Type           Power      Damage    Failure   Level
 Magic Dart               Conj           0%         1d3       34%         1
 Blink                    Tloc           N/A        N/A       47%         2
 Call Imp                 Summ           0%         N/A       47%         2
 Slow                     Hex            0%         N/A       47%         2
 Conjure Flame            Conj/Fire      0%         6-21      71%         3
 Mephitic Cloud           Conj/Pois/Air  0%         N/A       71%         3


Dungeon Overview and Level Annotations

Branches:
Dungeon (3/15)

Altars:

Portals:
Sewer: D:3

Annotations:
D:3 Grinder


Innate Abilities, Weirdness & Mutations

You are immune to sickness and miasma.
Your stone body is resilient. (AC +4)
You are immune to poison.
You resist negative energy. (rN+)
You are resistant to electric shocks. (rElec)
You are resistant to unholy torment.
You are immune to petrification.


Message History

You suddenly lose the ability to move!
Found 3 gold pieces.
Grinder gestures at you. You resist with significant effort.
Grinder blinks!
Grinder blinks!
You can move again.
Grinder completely misses you.
Grinder blinks!
Grinder gestures at you. Pain shoots through your body!
Found a scroll labelled YNYW TIHUS.
You hit Grinder but do no damage. Grinder barely misses you.
Grinder gestures at you. Pain shoots through your body!
You hit Grinder but do no damage.
Grinder blinks!
Found a glowing drain.
You closely miss Grinder. Grinder barely misses you. Grinder hits you.
You writhe in agony.
You barely miss Grinder.
Grinder blinks!
A kobold comes into view.
It is wielding a +0 whip and quivering poisoned darts.
Grinder gestures at you. Pain shoots through your body! Grinder misses you.
Your hearing returns.
Grinder closely misses you. Grinder gestures at you.
You suddenly lose the ability to move!
Grinder gestures at you.
You shrug off the repeated paralysis!
Grinder hits you!
You writhe in agony.
Grinder hits you.
* * * LOW HITPOINT WARNING * * *
Grinder hits you but does no damage. Grinder hits you.
* * * LOW HITPOINT WARNING * * *
The kobold throws a poisoned dart.
The poisoned dart completely misses you.
Grinder hits you.
* * * LOW HITPOINT WARNING * * *
You writhe in agony.
You die...

#.#≈BS#.....?..
#.#≈BS#........
#.##+##........
#......$.......
##...#.#.......
##..K.........
#............
#.....5######
#.....@#######
#.....<.......
#......######..#
#######.......#
.........####.#
...........<#
..........###
#######.#.#
#....


You could see Grinder (fast), an adder, a giant cockroach and a kobold.

Vanquished Creatures
  A necrophage (D:2)
  Robin (D:2)
  A gnoll (D:1)
  3 adders (D:2)
  A worm (D:2)
  2 ball pythons
  4 endoplasms
  2 giant cockroaches (D:1)
  15 goblins
  5 hobgoblins
  4 kobolds
  A quokka (D:2)
  2 bats
  4 rats
46 creatures vanquished.

Notes
Turn   | Place    | Note
-------+----------+-------------------------------------------
     0 | D:1      | Delamore the Gargoyle Monk began the quest for the Orb.
     0 | D:1      | Reached XP level 1. HP: 14/14 MP: 1/1
   214 | D:1      | Reached XP level 2. HP: 14/19 MP: 2/2
   561 | D:1      | Reached XP level 3. HP: 11/24 MP: 3/3
   788 | D:1      | Found a faded altar of an unknown god.
  1196 | D:2      | Reached skill level 4 in Maces & Flails
  1609 | D:2      | Noticed a necrophage
  1847 | D:2      | Noticed Robin
  1855 | D:1      | Reached XP level 4. HP: 24/29 MP: 4/4
  2196 | D:2      | Killed Robin
  2242 | D:2      | Killed a necrophage
  2243 | D:2      | Reached skill level 5 in Maces & Flails
  2243 | D:2      | Reached XP level 5. HP: 21/34 MP: 5/5
  3131 | D:3      | Noticed Grinder
  3133 | D:3      | Paralysed by Grinder for 5 turns
  3143 | D:3      | Found a glowing drain.
  3153 | D:3      | Paralysed by Grinder for 6 turns
  3158 | D:3      | Slain by Grinder

Illustrated notes

Levels and vault maps discovered:
D:1:      minmay_arrival_up_and_down, layout_basic,
          shapermc_ecumenical_altar_mp_urbaneastern
D:2:      minmay_wonky_spiral, layout_basic, serial_glass, glass_columns_a,
          glass_columns_a, uniq_robin
D:3:      layout_basic, nicolae_ru_sacrificial_ziggurat, amcnicky_altar_gilded,
          gup_sewer_entry_glass, minmay_close_crescents, uniq_grinder

Skill      XL: |  1  2  3  4 |
---------------+-------------+-----
Maces & Flails | 4 5 |  5.3
Fighting       | 4 |  4.6
Dodging        | |  2.4
Stealth        | |  2.1

Action                   |  1- 3 |  4- 6 || total
-------------------------+-------+-------++-------
Melee: Mace              |   105 |    75 ||   180
  Use: Scroll            |       |     3 ||     3
 Stab: Sleeping          |     8 |       ||     8
Armor: Robe              |    30 |    22 ||    52
Dodge: Dodged            |   135 |    91 ||   226

Table legend: (Time is in decaauts)
 A = Elapsed time spent in this place.
 B = Non-inter-level travel time spent in this place.
 C = Inter-level travel time spent in this place.
 D = Time resting spent in this place.
 E = Time spent auto-exploring this place.
 F = Levels seen in this place.
 G = Mean time per level.
                   A        B        C        D        E       F      G
               +--------+--------+--------+--------+--------+-----+--------+
         Total |   3196 |   3092 |    104 |    646 |   1975 |   3 | 1065.3 |
       Dungeon |   3196 |   3092 |    104 |    646 |   1975 |   3 | 1065.3 |
               +--------+--------+--------+--------+--------+-----+--------+

Top non-repeatable levels by time:
     D:1: 1644 daAuts
     D:2: 1519 daAuts
     D:3: 33 daAuts
